 Dungeon Crawl Stone Soup version 0.31-a0-459-gc8a9bf3d51 (webtiles) character file.

Game seed: 5404981352436103002

56 Ethylacetat the Trooper (level 3, -6/20 HPs)
             Began as a Vine Stalker Monk on Aug 3, 2023.
             Mangled by Crazy Yiuf
             ... wielding a +3 quarterstaff of chaos
              (11 damage)
             ... on level 2 of the Dungeon.
             The game lasted 00:02:49 (2046 turns).

Ethylacetat the Trooper (Vine Stalker Monk)         Turns: 2046, Time: 00:02:50

Health: -6/20      AC:  5    Str: 13    XL:     3   Next: 97%
Magic:  0/7        EV: 12    Int: 10    God:
Gold:   102        SH:  4    Dex: 18    Spells: 6/6 levels left

rFire   . . .        q - +1 dagger (venom)
rCold   . . .        s - +0 buckler
rNeg    . . .        a - +0 robe
rPois   .            (no helmet)
rElec   .            k - +2 cloak
rCorr   +            (no gloves)
SInv    .            (no boots)
Will    .....        (no amulet)
Stlth   ++           g - ring of resist corrosion
HPRegen 0.23/turn    (no ring)
MPRegen 0.10/turn

%: guardian spirit
@: no status effects
A: fangs 2, magic shield, antimagic bite, no potion heal 2
a: no special abilities


You were on level 2 of the Dungeon.
You visited 1 branch of the dungeon, and saw 2 of its levels.

You collected 102 gold pieces.

Inventory:

Hand Weapons
 q - a +1 dagger of venom (weapon)
 r - a +1 rapier of protection
Missiles
 h - 5 curare-tipped darts (quivered)
Armour
 a - a +0 robe (worn)
 c - an orb of light
 k - a +2 cloak (worn)
 s - a +0 buckler (worn)
Jewellery
 g - a ring of resist corrosion (left hand)
 o - a ring of protection from cold
Talismans
 p - a blade talisman
Wands
 u - a wand of flame (20)
Scrolls
 d - 2 scrolls of amnesia {unknown}
 i - a scroll of enchant armour {unknown}
 j - a scroll of fog {unknown}
 l - a scroll of brand weapon {unknown}
 m - 2 scrolls of vulnerability {unknown}
Potions
 b - a potion of ambrosia
 e - a potion of invisibility {unknown}
 f - a potion of curing {unknown}
 n - a potion of lignification {unknown}
 t - a potion of heal wounds {unknown}


   Skills:
 + Level 3.4 Fighting
 - Level 2.4 Dodging
 - Level 3.0 Unarmed Combat
 + Level 2.2 Spellcasting
 * Level 0.4 Shapeshifting


You had 6 spell levels left.
You didn't know any spells.
Your spell library contained the following spells:

 Spells                   Type           Power      Damage    Failure   Level
 Magic Dart               Conj           4%         1d3       41%         1
 Call Imp                 Summ           2%         N/A       54%         2
 Mephitic Cloud           Conj/Pois/Air  1%         N/A       78%         3


Dungeon Overview and Level Annotations

Branches:
Dungeon (2/15)

Altars:

Annotations:
D:2 Crazy Yiuf


Innate Abilities, Weirdness & Mutations

You have extremely sharp teeth.
When hurt, damage is shared between your health and your magic reserves.
Your bite disrupts and absorbs the magic of your enemies.
Potions cannot restore your health.


Message History

You kill the jackal!
No target in view!
You see here a jackal corpse.
You see here a jackal corpse.
There is a stone staircase leading down here.
m - 2 scrolls labelled USTUSI FIOVYS (gained 1) Key pressed, stopping explore.
No target in view!
Key pressed, stopping explore.
No target in view!
No target in view!
No reachable target in view!
You open the door.
Throw: 6 darts (curare)
Press: ? - help, Q - select action, (/) - cycle Shift-Dir - straight line, f - Crazy Yiuf
Aim: Crazy Yiuf, wielding a +3 quarterstaff of chaos and wearing a +0 cloak (wandering, hasn't noticed you, 63% to hit)
You throw a curare-tipped dart.
The curare-tipped dart barely misses Crazy Yiuf.
Crazy Yiuf shouts!
You hit Crazy Yiuf.
Crazy Yiuf is poisoned.
Crazy Yiuf is lightly wounded.
Crazy Yiuf closely misses you.
You hit Crazy Yiuf.
Crazy Yiuf looks as sick as possible!
Crazy Yiuf is moderately wounded.
Crazy Yiuf misses you.
You barely miss Crazy Yiuf. Your bite misses Crazy Yiuf.
Crazy Yiuf is moderately wounded.
Crazy Yiuf closely misses you.
You hit Crazy Yiuf but do no damage.
Crazy Yiuf looks as sick as possible!
Crazy Yiuf is moderately wounded.
Crazy Yiuf hits you with a +3 quarterstaff of chaos!
Ouch! That really hurt!
Crazy Yiuf freezes you.
* * * LOW HITPOINT WARNING * * *
You hit Crazy Yiuf.
Crazy Yiuf looks as sick as possible!
You bite Crazy Yiuf. You drain his power.
You feel invigorated.
Crazy Yiuf is severely wounded.
Crazy Yiuf hits you with a +3 quarterstaff of chaos!
Ouch! That really hurt!
You die...

#.#.#
###..###
#.### #.#.##
#....# #...#
#....#
#....# ###.#
#####.##
#...## #.#
#......#
##.## #.#
#.....##
#.## #.#
#.##### ##.#
#.# #.###
#.## #.##
#.#.####
##@# #..##
###......#
#g#
#####...####
#........#
...
#'..........
#.#....###
#...#
##.##...####
#.#.#..#
#..)#
#.#...##
#.#.##.#
#####
#.#<#.#
#.#.##.#
#.#.#.#
#.#.##.# ###
#.#>#.#
#.#.##.#
##.# #.....#


You could see Crazy Yiuf (extremely poisoned).

Vanquished Creatures
  An adder (D:2)
  A worm (D:2)
  7 endoplasms
  2 hobgoblins
  2 jackals (D:2)
  2 quokkas
  5 ball pythons
  4 bats (D:1)
  3 frilled lizards
  5 goblins (D:1)
  5 kobolds
  7 rats
44 creatures vanquished.

Notes
Turn   | Place    | Note
-------+----------+-------------------------------------------
     0 | D:1      | Ethylacetat the Vine Stalker Monk began the quest for the
                  | Orb.
     0 | D:1      | Reached XP level 1. HP: 11/11 MP: 2/2
   377 | D:1      | Reached skill level 1 in Spellcasting
   377 | D:1      | Reached XP level 2. HP: 16/16 MP: 4/4
   806 | D:1      | Reached XP level 3. HP: 16/20 MP: 4/6
  1668 | D:2      | Found a runed translucent door.
  1669 | D:2      | Noticed Crazy Yiuf
  2046 | D:2      | Mangled by Crazy Yiuf

Illustrated notes

Levels and vault maps discovered:
D:1:      lightli_arrival_lavapool, layout_loops_corners, minmay_tetromino_t4
D:2:      minmay_wonky_spiral, layout_loops_corners,
          wad_floor_pattern_untrapped, uniq_crazy_yiuf_cottage

Skill      XL: |  1  2  3 |
---------------+----------+-----
Spellcasting   | 1 2 |  2.2
Fighting       | 3 |  3.4
Dodging        | |  2.4
Unarmed Combat | |  3.0
Shapeshifting  | |  0.4

Action                     || total
---------------------------++-------
  Melee: Unarmed           ||    76
         Bite              ||    33
         Dagger            ||    26
  Throw: Dart              ||     1
   Stab: Sleeping          ||     2
 Armour: Robe              ||    23
  Dodge: Dodged            ||    55
  Block: Buckler           ||     5

Table legend: (Time is in decaauts)
 A = Elapsed time spent in this place.
 B = Non-inter-level travel time spent in this place.
 C = Inter-level travel time spent in this place.
 D = Time resting spent in this place.
 E = Time spent auto-exploring this place.
 F = Levels seen in this place.
 G = Mean time per level.
                   A        B        C        D        E       F      G
               +--------+--------+--------+--------+--------+-----+--------+
         Total |   2041 |   1938 |    103 |      0 |   1637 |   2 | 1020.5 |
       Dungeon |   2041 |   1938 |    103 |      0 |   1637 |   2 | 1020.5 |
               +--------+--------+--------+--------+--------+-----+--------+

Top non-repeatable levels by time:
     D:1: 1036 daAuts
     D:2: 1005 daAuts
